 Dungeon Crawl Stone Soup version 0.29.1-1-gd02db6906a (webtiles) character file.

Game seed: 16489476862011242115

4539 Gabide the Reanimator (level 10, -2/77 HPs)
             Began as a Mummy Necromancer on Sept 15, 2022.
             Was a Follower of Sif Muna.
             Killed by an exploding meliai (40 damage)
             ... ignited by their inner flame
             ... on level 10 of the Dungeon on Sept 16, 2022.
             The game lasted 00:43:59 (10352 turns).

Gabide the Reanimator (Mummy Necromancer)          Turns: 10352, Time: 00:44:00

Health: -2/77      AC: 13    Str: 12    XL:     10   Next: 17%
Magic:  20/20      EV: 14    Int: 18    God:    Sif Muna [*.....]
Gold:   572        SH:  9    Dex: 13    Spells: 6/23 levels left

rFire   x . .      SeeInvis .   a - +6 short sword
rCold   + . .      Faith    .   t - +0 buckler
rNeg    + + +      Spirit   .   g - +1 ring mail {Will+}
rPois   ∞          Reflect  +   p - +2 hat
rElec   .          Harm     .   o - +2 cloak
rCorr   .          Rampage  .   (no gloves)
Will    ++...                   A - +1 pair of boots
Stlth   ++........              j - amulet of reflection
HPRegen 0.22/turn               f - +4 ring of evasion
MPRegen 0.17/turn               (no ring)

@: studying Unarmed Combat
A: cold resistance 1, negative energy resistance 3, torment resistance 2, heat
vulnerability 1, in touch with death 1, no potions
a: Renounce Religion, Channel Magic


You were on level 10 of the Dungeon.
You worshipped Sif Muna.
Sif Muna was aware of your devotion.
You visited 2 branches of the dungeon, and saw 11 of its levels.
You also visited: Ossuary.

You collected 572 gold pieces.

Inventory:

Hand Weapons
 a - a +6 short sword (weapon)
 n - a +2 short sword of flaming
 w - a +2 dagger of venom
Missiles
 b - 2 throwing nets
 i - 6 javelins
Armour
 g - a +1 ring mail of willpower (worn)
 o - a +2 cloak (worn)
 p - a +2 hat (worn)
 q - the +2 robe of Cowardice {*Corrode Fly rF+ Regen+ Dex-5}
   (You found it on level 4 of the Dungeon)

   Dex:       It affects your dexterity (-5).
   rF:        It protects you from fire.
   Fly:       It grants you flight.
   Regen:     It increases your rate of health regeneration.
   *Corrode:  It may corrode you when you take damage.
 t - a +0 buckler (worn)
 A - a +1 pair of boots (worn)
Jewellery
 f - a +4 ring of evasion (left hand)
 j - an amulet of reflection (around neck)
Wands
 k - a wand of roots (8)
 z - a wand of flame (10)
Scrolls
 c - 2 scrolls of vulnerability
 d - 5 scrolls of teleportation
 e - 3 scrolls of fog
 h - 2 scrolls of poison
 m - a scroll of amnesia
 r - 2 scrolls of magic mapping
 s - a scroll of immolation
 u - a scroll of fear
 v - a scroll of blinking
 x - a scroll of acquirement {unknown}
 y - a scroll of brand weapon {unknown}


   Skills:
 + Level 6.7 Fighting
 - Level 3.0 Short Blades
 - Level 3.0 Armour
 - Level 3.0 Dodging
 - Level 3.0 Stealth
 - Level 3.0 Shields
 + Level 7.0 Spellcasting
 * Level 10.0 Necromancy


You had 6 spell levels left.
You knew the following spells:

 Your Spells              Type           Power      Damage    Failure   Level
a - Necrotise             Necr           100%       1d9       1%          1
b - Vampiric Draining     Necr           59%        2d10      1%          3
c - Animate Dead          Necr           59%        N/A       4%          4
d - Corpse Rot            Necr/Pois/Air  27%        N/A       61%         4
e - Agony                 Necr           59%        N/A       14%         5

Your spell library contained the following spells:

 Spells                   Type           Power      Damage    Failure   Level
 Apportation              Tloc           12%        N/A       30%         1
 Summon Small Mammal      Summ           24%        N/A       30%         1
 Poisonous Vapours        Pois/Air       12%        N/A       43%         2
 Gell's Gravitas          Tloc           6%         N/A       67%         3
 Lesser Beckoning         Tloc           6%         N/A       67%         3
 Swiftness                Air            6%         N/A       67%         3
 Teleport Other           Tloc           6%         N/A       67%         3
 Silence                  Hex/Air        3%         N/A       100%        5
 Haunt                    Necr/Summ      18%        N/A       100%        7
 Infestation              Necr           29%        N/A       100%        8
 Storm Form               Tmut/Air       Unusable   N/A       N/A         7

Dungeon Overview and Level Annotations

Branches:
Dungeon (10/15)            Temple (1/1) D:7         Ossuary (visited)
   Lair: D:8-11         Orc: D:9-12

Altars:
Ashenzari
Cheibriados
Dithmenos
Fedhas
Gozag
Hepliaklqana
Kikubaaqudgha
Makhleb
Nemelex Xobeh
Qazlal
Ru
Sif Muna
Trog
Uskayaw
Vehumet
Wu Jian
Yredelemnul

Shops:
D:5 !


Innate Abilities, Weirdness & Mutations

You are immune to poison.
Your flesh is cold resistant. (rC+)
You are immune to negative energy. (rN+++)
You are immune to unholy pain and torment.
You are vulnerable to heat. (rF-)
You are in touch with the powers of death.
You do not drink.


Message History

Sif Muna accepts your kill.
The fiery explosion engulfs the wight!!!
Sif Muna accepts your kill. x2
You feel a bit more experienced.
The wight explodes!
The fiery explosion engulfs the wraith!!!
Sif Muna accepts your kill.
The wraith explodes!
The fiery explosion engulfs the orc warrior!!!
Sif Muna accepts your kill.
The fiery explosion engulfs something!!!
Sif Muna accepts your kill.
Reactivating autopickup.
You feel a bit more experienced.
The orc wizard explodes!
The fiery explosion engulfs the wight!!
Sif Muna accepts your kill.
The wight explodes!
The fiery explosion engulfs the two-headed ogre!!
Flame seeps out of the two-headed ogre.
The two-headed ogre is heavily wounded.
Your attack snaps the two-headed ogre out of its fear.
The fiery explosion engulfs the orc!!
Sif Muna accepts your kill.
The orc explodes!
The fiery explosion engulfs the two-headed ogre!
Flame seeps out of the two-headed ogre.
The two-headed ogre is severely wounded.
The orc warrior explodes!
The fiery explosion engulfs the killer bee!!!
Sif Muna accepts your kill.
The killer bee explodes!
Sif Muna accepts your kill.
You feel a bit more experienced.
The meliai explodes!
The fiery explosion engulfs the wight.
Flame seeps out of the wight.
The wight is moderately damaged.
The fiery explosion engulfs you!!! The fire burns you terribly!
Ouch! That really hurt!
You die...

.o## ..§§
..O§§
.y§§§
Y.§§§○
(.§§○§###
.K§§○○§z#
#@# #.#
#.# ##.#
#..# #.##
##.# #..#
#.##


You could see a two-headed ogre (inner flame, fleeing), a yak (inner flame,
fleeing), a killer bee (fleeing), a wight (inner flame), an orc (inner flame,
fleeing) and a kobold.

Vanquished Creatures
  Psyche (D:8)
  A kobold demonologist (D:10)
  2 meliai (D:10)
  A polar bear (D:9)
  A hornet (D:9)
  A wyvern (D:9)
  3 yaks (D:8)
  A wraith (D:10)
  2 unseen horror simulacra (D:9)
  2 steam dragons (D:7)
  2 water moccasins
  2 ice beasts (D:9)
  2 orc warriors
  A sky beast (D:7)
  2 centaurs
  A kobold brigand (D:10)
  4 bullfrogs
  4 scorpions
  3 wights (D:10)
  4 killer bees
  An electric eel (D:9)
  A howler monkey (D:9)
  2 hounds
  Crazy Yiuf (D:6)
  6 orc priests
  A gnoll bouda (D:5)
  5 iguanas
  5 orc wizards
  6 mummies (Ossuary)
  7 adders
  5 white imps
  An ufetubus (D:6)
  A dart slug (D:1)
  26 orcs
  3 endoplasms
  A giant cockroach (D:2)
  2 hobgoblins (D:4)
  5 quokkas
  11 ball pythons
  2 frilled lizards
  6 goblins
  4 hobgoblin zombies (Ossuary)
  11 kobolds
  2 rats
155 creatures vanquished.

Vanquished Creatures (collateral kills)
  The ghost of IronLion the Scholar of Death, a novice DENe of Kikubaaqudgha (D:9)
  A black bear (D:8)
  A centaur simulacrum (D:9)
  7 orcs
  A quokka (D:5)
  A frilled lizard (D:1)
  2 goblin zombies (D:6)
14 creatures vanquished.

Vanquished Creatures (others)
  A yak (D:9)
  A kobold brigand (D:9)
  A centaur zombie (D:8)
  A bullfrog zombie (D:8)
  9 orc zombies
  7 plants (D:10)
20 creatures vanquished.

Grand Total: 189 creatures vanquished

Notes
Turn   | Place    | Note
-------+----------+-------------------------------------------
     0 | D:1      | Gabide the Mummy Necromancer began the quest for the Orb.
     0 | D:1      | Reached XP level 1. HP: 13/13 MP: 4/4
   285 | D:1      | Reached XP level 2. HP: 20/20 MP: 3/5
   692 | D:1      | You fall into a shaft and drop 1 floor!
   704 | D:2      | Reached skill level 1 in Fighting
   873 | D:2      | Found a faded altar of an unknown god.
   938 | D:2      | Gained mutation: You are in touch with the powers of death.
                  | [Mummy growth]
   938 | D:2      | Reached XP level 3. HP: 26/26 MP: 5/7
  1964 | D:3      | Reached XP level 4. HP: 32/32 MP: 5/9
  2129 | D:3      | Reached skill level 5 in Necromancy
  2369 | D:3      | Found an opulent altar of Gozag.
  2598 | D:3      | Noticed a scorpion
  2606 | D:3      | Learned a level 3 spell: Vampiric Draining
  2611 | D:3      | Killed a scorpion
  2612 | D:3      | Reached XP level 5. HP: 34/39 MP: 0/11
  3212 | D:4      | Reached XP level 6. HP: 46/46 MP: 2/12
  3324 | D:4      | Reached skill level 6 in Necromancy
  3446 | D:4      | Identified the +2 robe of Cowardice {*Corrode Fly rF+
                  | Regen+ Dex-5}
  3982 | D:5      | Entered Level 5 of the Dungeon
  4275 | D:5      | Reached skill level 1 in Short Blades
  4357 | D:5      | Found Lajocveps's Distillery.
  4495 | D:5      | Noticed a water moccasin
  4508 | D:5      | Killed a water moccasin
  4509 | D:5      | Reached XP level 7. HP: 46/54 MP: 1/13
  5228 | D:6      | Found a sand-covered staircase.
  5239 | D:6      | Reached skill level 1 in Armour
  5245 | D:6      | Reached skill level 5 in Spellcasting
  5255 | Ossuary  | Entered an ossuary
  5387 | Ossuary  | Reached XP level 8. HP: 61/61 MP: 15/15
  5571 | D:6      | Found a runed translucent door.
  5572 | D:6      | Noticed Crazy Yiuf
  5581 | D:6      | Killed Crazy Yiuf
  5582 | D:6      | Reached skill level 5 in Fighting
  5683 | D:6      | Reached skill level 7 in Necromancy
  5916 | D:7      | Found a radiant altar of Vehumet.
  6100 | D:7      | Learned a level 4 spell: Animate Dead
  6152 | D:7      | Found a shadowy altar of Dithmenos.
  6205 | D:7      | Got Jeigog's Octavo of Floating Displacement
  6264 | D:7      | Reached skill level 1 in Shields
  6938 | D:7      | Found a staircase to the Ecumenical Temple.
  6945 | Temple   | Entered the Ecumenical Temple
  6997 | Temple   | Became a worshipper of Sif Muna the Loreminder
  7077 | D:7      | Found a snail-covered altar of Cheibriados.
  7391 | D:8      | Noticed Psyche
  7405 | D:8      | Killed Psyche
  7406 | D:8      | Reached XP level 9. HP: 68/68 MP: 0/17
  7888 | D:8      | Found a basalt altar of Yredelemnul.
  7960 | D:8      | Reached skill level 8 in Necromancy
  8506 | D:9      | Learned a level 4 spell: Corpse Rot
  8719 | D:9      | Noticed a polar bear
  8745 | D:9      | Killed a polar bear
  8746 | D:9      | Reached skill level 9 in Necromancy
  9286 | D:9      | Reached * piety under Sif Muna
  9551 | D:9      | Found a runed translucent door.
  9551 | D:9      | Noticed IronLion's ghost (novice DENe)
  9956 | D:9      | Reached XP level 10. HP: 72/77 MP: 2/20
 10234 | D:9      | Killed IronLion's ghost
 10235 | D:9      | Reached skill level 10 in Necromancy
 10249 | D:9      | Learned a level 5 spell: Agony
 10319 | D:10     | Entered Level 10 of the Dungeon
 10346 | D:10     | Noticed a two-headed ogre
 10352 | D:10     | Killed by an exploding meliai... ignited by their inner
                  | flame

Illustrated notes

Levels and vault maps discovered:
D:1:      lemuel_arrival_room, layout_loops_ring
D:2:      layout_basic, hellmonk_ecumenical_altar_lost_god
D:3:      layout_loops_corners, lemuel_coloured_pillars_altar,
          chequers_serial_rivers_room_b
D:4:      layout_gridville
D:5:      layout_loops_ring, amcnicky_altar_gilded, serial_shops,
          nicolae_diamond_shop, glass_columns_b, minmay_manual_mail
D:6:      layout_gridville, enter_ossuary_4, uniq_crazy_yiuf_cottage
D:7:      layout_loops_cross, fiery_altar_vehumet, mainiacjoe_overflow_paths,
          mainiacjoe_overflow_24_doors, minmay_temple_entry_tees
D:8:      layout_basic, mainiacjoe_overflow_concentric_impassable, uniq_psyche
D:9:      layout_irregular_city, gammafunk_ghost_grave, serial_ice,
          serial_ice_b, serial_ice_g, serial_ice_a, serial_ice_k, serial_ice_f,
          grunt_ministairs_10, kennysheep_dice
D:10:     layout_loops_cross, okawaru_altar_gauntlet_db, kennysheep_little_box,
          dpeg_oklobed_lair, grunt_potential
Temple:   jpeg_temple_clearing

Skill      XL: |  1  2  3  4  5  6  7  8  9 10 |
---------------+-------------------------------+-----
Spellcasting   | 3 4 5 6 7 |  7.0
Fighting       | 1 2 4 5 6 |  6.7
Necromancy     | 5 6 7 9 10 | 10.0
Stealth        | 2 3 |  3.0
Short Blades   | 2 3 |  3.0
Dodging        | 2 3 |  3.0
Armour         | 1 3 |  3.0
Shields        | 3 |  3.0

Action                   |  1- 3 |  4- 6 |  7- 9 | 10-12 || total
-------------------------+-------+-------+-------+-------++-------
Melee: Dagger            |     2 |     4 |       |       ||     6
       Short sword       |       |     6 |   155 |    26 ||   187
       Punch             |       |       |     1 |       ||     1
Throw: Javelin           |       |       |     4 |       ||     4
 Cast: Necrotise         |    65 |    74 |    98 |       ||   237
       Vampiric Draining |       |     7 |    43 |       ||    50
       Animate Dead      |       |       |     8 |       ||     8
Evoke: Wand              |       |       |    15 |     5 ||    20
  Use: Scroll            |     2 |     5 |    14 |     2 ||    23
 Stab: Sleeping          |       |     1 |       |       ||     1
       Distracted        |       |       |       |     1 ||     1
Armor: Robe              |     1 |     3 |     1 |       ||     5
       Ring mail         |       |       |    64 |    12 ||    76
Dodge: Dodged            |    10 |    29 |   148 |     8 ||   195
Block: Other             |     1 |     6 |    16 |       ||    23
       Buckler           |       |       |    75 |    14 ||    89
       Reflection        |       |       |     4 |       ||     4
